 Dungeon Crawl Stone Soup version 0.31-a0-656-gb4d89c20fa (webtiles) character file.

Game seed: 1002800675431691816

4428 Turgor the Mimic (level 10, -10/69 HPs)
             Began as an Octopode Shapeshifter on Aug 30, 2023.
             Was a High Priest of Uskayaw.
             Mangled by a yak (14 damage)
             ... on level 8 of the Dungeon.
             The game lasted 00:44:05 (6590 turns).

Turgor the Mimic (Octopode Shapeshifter)            Turns: 6590, Time: 00:44:05

Health: -10/69     AC:  3    Str: 25    XL:     10   Next: 36%
Magic:  25/25      EV: 15    Int: 12    God:    Uskayaw [*****.]
Gold:   107        SH:  0    Dex: 11    Spells: 9/9 levels left

rFire   . .          .
                       - Unarmed
rCold   . . .        (shield currently unavailable)
rNeg    + . .        r - +2 hat
rPois   .            C
                       - Hermit's Pendant {Faith Invo=14 Evo=0 MP+5}
rElec   .            o - +6 ring of strength
rCorr   .            s - ring of positive energy
SInv    .            (no ring)
Will    .....        (no ring)
Stlth   +            (no ring)
HPRegen 0.31/turn    (no ring)
MPRegen 0.19/turn    (no ring)
                     (no ring)

%: faith
@: flux-form, glowing
A: glow, contaminating, almost no armour, amphibious, 8 rings, camouflage 1,
gelatinous body 1, (nimble swimmer 1), tentacles
a: Begin Untransformation, Renounce Religion, Stomp, Line Pass, Grand Finale


You were on level 8 of the Dungeon.
You worshipped Uskayaw.
Uskayaw was noncommittal.
You were something dangerously unstable.
You visited 1 branch of the dungeon, and saw 8 of its levels.

You collected 380 gold pieces.
You spent 273 gold pieces at shops.

Inventory:

Missiles
 g - 13 poisoned darts (quivered)
 w - a throwing net
Armour
 r - a +2 hat (worn)
Jewellery
 k - an amulet of regeneration
 o - a +6 ring of strength (left tentacle)
 s - a ring of positive energy (right tentacle)
 x - an amulet of magic regeneration
 y - an amulet of faith
 C - the Hermit's Pendant (around mantle) {Faith Invo=14 Evo=0 MP+5}
   (You found it on level 6 of the Dungeon)

   [amulet of faith]

   Invo=14: It sets your Invocations skill to 14.
   Evo=0: It sets your Evocations skill to 0.
   Faith:     It allows you to gain divine favour quickly.
   MP+5:      It affects your magic capacity (+5).
Talismans
 b - a beast talisman
 c - a flux talisman (active)
Wands
 u - a wand of polymorph (4)
 z - a wand of flame (9)
Scrolls
 d - 2 scrolls of fog
 h - a scroll of noise
 i - 4 scrolls of blinking
 j - 2 scrolls of enchant weapon {unknown}
 l - 2 scrolls of poison {unknown}
 n - 3 scrolls of teleportation {unknown}
 t - 3 scrolls of revelation
 v - 2 scrolls of enchant armour {unknown}
Potions
 a - a potion of lignification
 e - a potion of haste
 f - a potion of resistance
 m - 3 potions of brilliance
 p - a potion of enlightenment
 q - 2 potions of curing
 D - a potion of heal wounds


   Skills:
 + Level 6.9 Fighting
 - Level 6.0 Dodging
 + Level 7.4 Unarmed Combat
 * Level 9.5 Shapeshifting


You had 9 spell levels left.
You didn't know any spells.
Your spell library contained the following spells:

 Spells                   Type           Power      Damage    Failure   Level
 Sandblast                Erth           0%         2d4       32%         1
 Slow                     Hex            0%         N/A       32%         1
 Passwall                 Tmut/Erth      0%         N/A       45%         2
 Confusing Touch          Hex            0%         N/A       69%         3
 Dazzling Flash           Conj/Hex       0%         N/A       69%         3
 Stone Arrow              Conj/Erth      0%         3d7       69%         3
 Volatile Blastmotes      Fire/Tloc      0%         2d10      69%         3
 Starburst                Conj/Fire      0%         6d3       100%        6
 Discord                  Hex            0%         N/A       100%        8
 Maxwell's Capacitive Co  Air            0%         ∞         100%        8


Dungeon Overview and Level Annotations

Branches:
Dungeon (8/15)             Temple (0/1) D:7
   Lair: D:8-11

Altars:
Ashenzari
Dithmenos
Ru
Uskayaw
Vehumet
Yredelemnul
Zin

Shops:
D:3 (*   D:6 ?   D:7 [[

Annotations:
D:2 1 runed translucent door, Crazy Yiuf
D:4 1 runed translucent door, MrCrawl's ghost, amateur MiBe


Innate Abilities, Weirdness & Mutations

You are something dangerously unstable.
You glow with magical radiation, making you easy to see and hit.
Foes you strike become dangerously contaminated with magical radiation.
You are incapable of wielding weapons or throwing items.
You cannot wear most types of armour.
You are amphibious.
You can wear up to eight rings at the same time.
Your skin changes colour to match your surroundings (Stealth+).
Your rubbery body absorbs attacks. (AC +1, EV +1)
((You are camouflaged when in or above water. (Stealth+)))
You have tentacles for arms and can constrict up to eight enemies at once.


Message History

The yak shudders as magic cascades through it!
The yak twists and deforms.
The yak is heavily wounded.
Uskayaw will force your foes to share their pain.
Uskayaw links your audience in an emotional bond!
The helpless yak fails to defend itself.
You bludgeon the yak!
You kill the yak!
The yak is no longer paralysed. x3
Uskayaw prepares the audience for your solo!
Unknown command.
The helpless yak fails to defend itself.
You tentacle-slap the yak but do no damage.
The yak glows dangerously bright.
You squeeze the yak!!
You kill the yak!
The helpless yak fails to defend itself.
You tentacle-slap the yak.
You kill the yak! x2
You can now merge with and destroy a victim.
The yak is no longer paralysed.
You see here a yak corpse.
The helpless yak fails to defend itself.
You tentacle-slap the yak.
The yak begins to glow.
The yak is moderately wounded.
The yak is no longer sharing its pain.
The yak is no longer paralysed.
The yak is no longer sharing its pain.
The yak gores you!
You tentacle-slap the yak.
The yak glows dangerously bright.
The yak is moderately wounded.
You bludgeon the yak!
The yak shudders as magic cascades through it.
The yak twists and deforms.
The yak is severely wounded.
The yak misses you. The yak gores you!
* * * LOW HITPOINT WARNING * * *
You barely miss the yak.
The yak is severely wounded.
The yak gores you!
* * * LOW HITPOINT WARNING * * *
The yak gores you!
You die...

###......##..###.#
####.###.##..# .#
#....# #.##..###.#
#.##.###.........# #
#.#......##...#.†##.###
...#######.............
##)# ##......##.### #.#
##.##.## # #.# #.##†B#
#.# #.#..YY...... ##.#
#+....$..###. ...#
...#####... ####
#..###...###... #
..##.#._.#.##.. #
..#..#...#..#.. .
.##..##+##..##. ..


You could see 2 yaks.

Vanquished Creatures
  A wraith (D:6)
  Eustachio (D:5)
  4 yaks (D:8)
  Menkaure (D:5)
  Duvessa (D:7)
  2 water moccasins
  An ice beast (D:7)
  2 sky beasts
  3 black bears
  3 orc warriors
  A centaur (D:6)
  2 ogres (D:5)
  A boggart (D:4)
  3 phantoms
  A kobold brigand (D:5)
  Blork the orc (D:6)
  A bullfrog (D:7)
  A scorpion (D:4)
  7 wights
  2 jellies
  Dowan (D:7)
  4 killer bees (D:7)
  2 howler monkeys (D:7)
  4 hounds
  4 orc priests
  A gnoll bouda (D:4)
  2 iguanas
  4 orc wizards
  Terence (D:2)
  10 gnolls
  9 adders
  A shadow imp (D:5)
  2 white imps (D:5)
  3 ufetubi
  3 worms
  5 dart slugs
  16 orcs
  8 endoplasms
  3 giant cockroaches (D:2)
  6 goblins
  8 hobgoblins
  2 jackals (D:3)
  11 kobolds
  3 quokkas
  4 ball pythons
  6 bats
  A frilled lizard (D:1)
  6 rats
169 creatures vanquished.

Notes
Turn   | Place    | Note
-------+----------+-------------------------------------------
     0 | D:1      | Turgor the Octopode Shapeshifter began the quest for the
                  | Orb.
     0 | D:1      | Reached XP level 1. HP: 13/13 MP: 1/1
   157 | D:1      | Reached XP level 2. HP: 10/18 MP: 2/2
   336 | D:1      | Got the Discourse on Beguiling
   552 | D:2      | Reached XP level 3. HP: 22/23 MP: 3/3
   827 | D:2      | Found a runed translucent door.
   828 | D:2      | Noticed Crazy Yiuf
   906 | D:2      | Reached XP level 4. HP: 19/29 MP: 4/4
  1289 | D:2      | Noticed Terence
  1296 | D:2      | Killed Terence
  1493 | D:2      | Reached skill level 4 in Shapeshifting
  1557 | D:3      | Reached XP level 5. HP: 34/34 MP: 5/5
  1691 | D:3      | Found Ohos's General Store.
  1700 | D:3      | Bought a potion of heal wounds for 55 gold pieces
  1700 | D:3      | Bought a scroll of revelation for 82 gold pieces
  1700 | D:3      | Bought a scroll of identify for 22 gold pieces
  1785 | D:3      | Found Dubliwn's Weapon Shoppe.
  1993 | D:4      | Noticed Edmund
  2108 | D:4      | Noticed a phantom
  2140 | D:4      | Killed a phantom
  2141 | D:4      | Reached XP level 6. HP: 35/41 MP: 6/6
  2190 | D:3      | Found a glowing silver altar of Zin.
  2215 | D:4      | Found a hide-covered altar of Uskayaw.
  2220 | D:4      | Became a worshipper of Uskayaw the Reveller
  2313 | D:4      | Reached * piety under Uskayaw
  2314 | D:4      | Reached ** piety under Uskayaw
  2355 | D:4      | Noticed Sigmund
  2357 | D:4      | Sigmund changed into Sigmund the gnoll
  2357 | D:4      | Noticed Sigmund
  2361 | D:4      | Killed Sigmund the gnoll
  2401 | D:4      | Reached *** piety under Uskayaw
  2403 | D:4      | Reached skill level 5 in Shapeshifting
  2469 | D:4      | Edmund changed into Edmund the boggart
  2469 | D:4      | Noticed Edmund
  2482 | D:4      | Noticed a black bear
  2547 | D:4      | Reached XP level 7. HP: 35/46 MP: 7/7
  2721 | D:4      | Found a runed translucent door.
  2722 | D:4      | Noticed MrCrawl's ghost (amateur MiBe)
  2728 | D:4      | Found a shadowy altar of Dithmenos.
  2847 | D:4      | Found a sacrificial altar of Ru.
  2879 | D:4      | Killed Edmund the boggart
  2944 | D:5      | Entered Level 5 of the Dungeon
  2999 | D:5      | Reached **** piety under Uskayaw
  3006 | D:5      | Reached ***** piety under Uskayaw
  3095 | D:5      | Reached skill level 6 in Shapeshifting
  3095 | D:5      | Reached XP level 8. HP: 54/54 MP: 8/8
  3113 | D:5      | Noticed Menkaure
  3122 | D:5      | Killed Menkaure
  3123 | D:5      | Reached skill level 5 in Unarmed Combat
  3628 | D:5      | Noticed Eustachio
  3727 | D:5      | Reached skill level 5 in Dodging
  3791 | D:5      | Killed Eustachio
  3911 | D:6      | Reached skill level 7 in Shapeshifting
  4073 | D:6      | Reached skill level 5 in Fighting
  4073 | D:6      | Reached XP level 9. HP: 61/61 MP: 9/9
  4487 | D:6      | Found a faded altar of an unknown god.
  4487 | D:6      | Found the Hermit's Pendant {Faith Invo=14 Evo=0 MP+5}
  4893 | D:6      | Found Zuyth's Magic Scroll Emporium.
  4893 | D:6      | Noticed Blork the orc
  4901 | D:6      | Identified the +2 ring mail "Qeozxur" {rF++}
  4982 | D:6      | Killed Blork the orc
  4990 | D:6      | Bought a scroll of identify for 24 gold pieces
  4990 | D:6      | Bought a scroll of blinking for 90 gold pieces
  5240 | D:7      | Reached skill level 8 in Shapeshifting
  5270 | D:7      | Found a radiant altar of Vehumet.
  5280 | D:7      | Found a basalt altar of Yredelemnul.
  5511 | D:7      | Found Zaunlun's Antique Armour Shoppe.
  5516 | D:7      | Noticed Duvessa
  5516 | D:7      | Noticed Dowan
  5525 | D:7      | Killed Duvessa
  5529 | D:7      | Killed Dowan
  5620 | D:7      | Found a staircase to the Ecumenical Temple.
  5687 | D:7      | Found Amagh's Armour Shop.
  5706 | D:7      | Reached XP level 10. HP: 48/68 MP: 20/20
  6207 | D:7      | Reached skill level 9 in Shapeshifting
  6570 | D:8      | Found a broken altar of Ashenzari.
  6590 | D:8      | Mangled by a yak

Illustrated notes

Levels and vault maps discovered:
D:1:      amcnicky_arrival_feature_with_door, layout_rooms,
          minmay_misc_feat_rows
D:2:      minmay_skewed_foursquare, layout_loops_ring, uniq_crazy_yiuf_cottage,
          uniq_terence
D:3:      layout_rooms, nicolae_overflow_hidden_temple, serial_shops, shop,
          nicolae_shop_hallway_stairs, grunt_ministairs_1
D:4:      layout_rooms, eat_drink_and_be_merry_uskayaw,
          mainiacjoe_overflow_alcove_4, lemuel_doored_altar,
          gammafunk_ghost_grave, uniq_edmund, uniq_sigmund
D:5:      layout_rooms, uniq_menkaure, uniq_eustachio
D:6:      minmay_spotlight, layout_rooms, nicolae_inconvenience_store,
          nicolae_eternal_life, hellmonk_guarded_unrand_hermit,
          uniq_blork_the_orc
D:7:      layout_rooms, mainiacjoe_overflow_catch_the_wave, temple_hall,
          serial_shops, shop, nicolae_diamond_shop, uniq_duvessa
D:8:      layout_loops_corners, nicolae_ashenzari_skybound,
          gammafunk_ghost_wrathful_warriors

Skill      XL: |  1  2  3  4  5  6  7  8  9 10 |
---------------+-------------------------------+-----
Fighting       | 2 3 4 5 6 |  6.9
Shapeshifting  | 4 5 6 7 8 9 |  9.5
Dodging        | 3 4 5 6 |  6.0
Unarmed Combat | 4 5 6 7 |  7.4

Action                     |  1- 3 |  4- 6 |  7- 9 | 10-12 || total
---------------------------+-------+-------+-------+-------++-------
  Melee: Unarmed           |    49 |   127 |   193 |    42 ||   411
         Constrict         |    15 |    25 |    48 |     9 ||    97
         Tentacles         |    12 |    23 |    59 |    11 ||   105
         Punch             |     1 |     5 |     4 |       ||    10
  Throw: Dart              |       |     9 |    27 |       ||    36
         Throwing net      |       |     1 |       |       ||     1
  Evoke: Wand              |       |     7 |     3 |       ||    10
    Use: Potion            |       |     3 |     2 |       ||     5
         Scroll            |       |     3 |     4 |     1 ||     8
   Stab: Sleeping          |     2 |     7 |     1 |       ||    10
         Paralysed         |       |     1 |    12 |     9 ||    22
 Armour: Skin              |     2 |    10 |    12 |     5 ||    29
  Dodge: Dodged            |    23 |    54 |    77 |    20 ||   174
   Form: Flux              |       |       |     1 |       ||     1

Table legend: (Time is in decaauts)
 A = Elapsed time spent in this place.
 B = Non-inter-level travel time spent in this place.
 C = Inter-level travel time spent in this place.
 D = Time resting spent in this place.
 E = Time spent auto-exploring this place.
 F = Levels seen in this place.
 G = Mean time per level.
                   A        B        C        D        E       F      G
               +--------+--------+--------+--------+--------+-----+--------+
         Total |   6506 |   5978 |    528 |    430 |   3528 |   8 |  813.2 |
       Dungeon |   6506 |   5978 |    528 |    430 |   3528 |   8 |  813.2 |
               +--------+--------+--------+--------+--------+-----+--------+

Top non-repeatable levels by time:
     D:6: 1380 daAuts
     D:7: 1183 daAuts
     D:2: 981 daAuts
     D:5: 868 daAuts
     D:4: 759 daAuts
     D:3: 696 daAuts
     D:1: 497 daAuts
     D:8: 139 daAuts
